 Dungeon Crawl Stone Soup version 0.30.0-10-gfe55d96785 (webtiles) character file.

Game seed: 6935802342640490754

480 Dordric the Cleaver (level 7, -6/57 HPs)
             Began as a Hill Orc Monk on May 12, 2023.
             Mangled by an ogre
             ... wielding a +0 giant club
              (12 damage)
             ... on level 5 of the Dungeon on May 14, 2023.
             The game lasted 00:06:20 (4077 turns).

Dordric the Cleaver (Hill Orc Monk)                 Turns: 4077, Time: 00:06:21

Health: -6/57      AC: 10    Str: 16    XL:     7   Next: 11%
Magic:  7/7        EV:  5    Int: 10    God:
Gold:   133        SH:  0    Dex: 13    Spells: 6/6 levels left

rFire   . . .        g - +2 whip (drain)
rCold   . . .        d - orb {light}
rNeg    . . .        q - +0 plate armour
rPois   .            (no helmet)
rElec   .            (no cloak)
rCorr   .            (no gloves)
SInv    +            (no boots)
Will    .....        (no amulet) Stlth
                     v - ring of see invisible
HPRegen 0.29/turn    (no ring)
MPRegen 0.10/turn

%: no passive effects
@: glowing
A: no striking features
a: no special abilities


You were on level 5 of the Dungeon.
You visited 1 branch of the dungeon, and saw 5 of its levels.

You collected 133 gold pieces.

Inventory:

Hand Weapons
 a - a +0 hand axe
 g - a +2 whip of draining (weapon)
Armour
 b - a +0 robe
 d - an orb of light (worn)
 i - a +0 ring mail
 q - a +0 plate armour (worn)
Jewellery
 f - an amulet of magic regeneration
 v - a ring of see invisible (left hand)
Wands
 n - a wand of flame (17)
Scrolls
 c - a scroll of blinking {unknown}
 h - a scroll of identify
 l - 2 scrolls of teleportation
 o - 3 scrolls of magic mapping
 t - a scroll of summoning
Potions
 e - a potion of might {unknown}
 j - 2 potions of invisibility {unknown}
 k - a potion of resistance {unknown}
 m - a potion of attraction {unknown}
 p - 3 potions of curing {unknown}
 r - 2 potions of mutation {unknown}
 s - a potion of heal wounds {unknown}
 u - a potion of lignification {unknown}
 w - a potion of magic {unknown}


   Skills:
 - Level 3.6 Fighting
 + Level 10.3 Axes
 - Level 2.4 Dodging


You had 6 spell levels left.
You didn't know any spells.
Your spell library contained the following spells:

 Spells                   Type           Power      Damage    Failure   Level
 Cigotuvi's Dreadful Rot  Necr/Pois/Air  0%         N/A       100%        2
 Lesser Beckoning         Tloc           0%         N/A       100%        2
 Gell's Gravitas          Tloc           0%         N/A       100%        3
 Ignite Poison            Fire/Tmut/Pois 0%         N/A       100%        3
 Teleport Other           Tloc           0%         N/A       100%        3
 Freezing Cloud           Conj/Ice/Air   0%         6-21      100%        5


Dungeon Overview and Level Annotations

Branches:
Dungeon (5/15)
 Temple: D:4-7

Altars:

Shops:
D:4 [


Message History

No target in view!
No target in view!
An ogre comes into view. It is wielding a +0 giant club.
The ogre shouts!
An ogre is nearby!
An ogre is nearby!
You hit the ogre but do no damage.
The ogre hits you with a +0 giant club!!
You hit the ogre. You drain the ogre.
The ogre is moderately wounded.
The ogre hits you with a +0 giant club!
You are too injured to fight recklessly!
You are too injured to fight recklessly!
You are too injured to fight recklessly!
You are too injured to fight recklessly!
You are too injured to fight recklessly!
You are too injured to fight recklessly!
You are too injured to fight recklessly!
You are too injured to fight recklessly!
You are too injured to fight recklessly!
You are too injured to fight recklessly!
You are too injured to fight recklessly!
You are too injured to fight recklessly!
You are too injured to fight recklessly!
You are too injured to fight recklessly!
You are too injured to fight recklessly!
You are too injured to fight recklessly!
You are too injured to fight recklessly!
You hit the ogre.
The ogre is moderately wounded.
You hit the ogre but do no damage. You drain the ogre.
The ogre is heavily wounded.
The ogre hits you with a +0 giant club!!
* * * LOW HITPOINT WARNING * * *
You hit the ogre. You drain the ogre.
The ogre is severely wounded.
You hit the ogre but do no damage. You drain the ogre.
The ogre is severely wounded.
The ogre hits you with a +0 giant club!
You die...

...# ..#.... ##...
. ....#
....#.#...### ##
........##.##... #
...#....>......####
#..................
#.O........# #....
#@........####....
#.........#.#.....
##................
###.....##.......
#...###.......#
###........##.#
##.........#####
##........... #..
#.....#####.###..


You could see an ogre (very drained).

Vanquished Creatures
  Eustachio (D:4)
  A scorpion (D:4)
  An orc priest (D:4)
  2 orc wizards (D:4)
  An iguana (D:5)
  3 gnolls (D:4)
  4 adders
  A white imp (D:3)
  A worm (D:3)
  2 dart slugs
  5 orcs (D:4)
  6 ball pythons
  8 endoplasms
  3 giant cockroaches
  8 goblins
  2 hobgoblins
  5 jackals
  7 quokkas
  6 bats
  3 frilled lizards
  14 kobolds
  4 rats
88 creatures vanquished.

Notes
Turn   | Place    | Note
-------+----------+-------------------------------------------
     0 | D:1      | Dordric the Hill Orc Monk began the quest for the Orb.
     0 | D:1      | Reached XP level 1. HP: 19/19 MP: 1/1
   226 | D:1      | Reached XP level 2. HP: 19/26 MP: 2/2
   364 | D:1      | Reached skill level 5 in Axes
   486 | D:1      | Reached XP level 3. HP: 31/31 MP: 3/3
  1222 | D:2      | Reached skill level 6 in Axes
  1243 | D:2      | Found a faded altar of an unknown god.
  1506 | D:2      | Reached XP level 4. HP: 36/39 MP: 4/4
  1997 | D:3      | Upgraded the game from 0.30.0-5-g1a98f26d00 to
                  | 0.30.0-10-gfe55d96785
  2695 | D:3      | Reached skill level 7 in Axes
  2825 | D:4      | Noticed a scorpion
  2832 | D:4      | Killed a scorpion
  2833 | D:4      | Reached XP level 5. HP: 37/45 MP: 5/5
  2954 | D:4      | Reached skill level 8 in Axes
  2990 | D:4      | Found Loxkelus's Armour Emporium.
  3000 | D:4      | Noticed Eustachio
  3051 | D:4      | Killed Eustachio
  3052 | D:4      | Reached skill level 9 in Axes
  3052 | D:4      | Reached XP level 6. HP: 39/51 MP: 6/6
  3655 | D:4      | Reached skill level 10 in Axes
  3659 | D:4      | Reached XP level 7. HP: 42/57 MP: 7/7
  3966 | D:5      | Entered Level 5 of the Dungeon
  4077 | D:5      | Mangled by an ogre

Illustrated notes

Levels and vault maps discovered:
D:1:      dpeg_arrival_water_fire, layout_basic
D:2:      layout_loops_corners, hellmonk_ecumenical_altar_run_dry
D:3:      layout_basic, nicolae_hexahallways
D:4:      layout_loops_ring, serial_shops, shop, uniq_eustachio
D:5:      layout_cave_pools, minmay_temple_entry_sparse_star

Skill      XL: |  1  2  3  4  5  6 |
---------------+-------------------+-----
Axes           | 5 6 7 9 10 | 10.3
Fighting       | |  3.6
Dodging        | |  2.4

Action                     |  1- 3 |  4- 6 |  7- 9 || total
---------------------------+-------+-------+-------++-------
  Melee: Hand axe          |     6 |       |       ||     6
         Whip              |    70 |   109 |    27 ||   206
    Use: Scroll            |       |     3 |       ||     3
         Potion            |       |     1 |       ||     1
 Armour: Ring mail         |    21 |     3 |       ||    24
         Robe              |     2 |       |       ||     2
         Plate armour      |       |    77 |     7 ||    84
  Dodge: Dodged            |    35 |    28 |     6 ||    69
